 Dungeon Crawl Stone Soup version 0.22-a0-305-gd21a89c (webtiles) character file.

68 xccam the Chopper (level 4, -4/35 HPs)
             Began as a Formicid Fighter on Mar 31, 2018.
             Slain by xccam's ghost (7 damage)
             ... on level 3 of the Dungeon.
             The game lasted 00:01:40 (1743 turns).

xccam the Chopper (Formicid Fighter)                Turns: 1743, Time: 00:01:41

Health: -4/35      AC:  6    Str: 22    XL:     4   Next: 41%
Magic:  4/4        EV:  8    Int:  7    God:
Gold:   61         SH:  9    Dex: 10    Spells: 3/3 levels left

rFire    . . .     SeeInvis +   a - +0 war axe
rCold    . . .     Gourm    .   c - +0 shield
rNeg     . . .     Faith    .   b - +0 scale mail
rPois    .         Spirit   .   (helmet unavailable)
rElec    .         Reflect  .   (no cloak)
rCorr    .         Harm     .   (no gloves)
MR       .....                  (no boots)
Stlth    ..........             (no amulet)
HPRegen  0.11/turn              (no ring)
MPRegen  0.09/turn              (no ring)

@: no status effects
A: permanent stasis, dig shafts and tunnels, four strong arms, antennae 3
a: Dig, Shaft Self


You were on level 3 of the Dungeon.
You were near starving.

You visited 1 branch of the dungeon, and saw 3 of its levels.

You collected 61 gold pieces.

Inventory:

Hand Weapons
 a - a +0 war axe (weapon)
Armour
 b - a +0 scale mail (worn)
 c - a +0 shield (worn)
Scrolls
 g - a scroll of amnesia {unknown}
 h - 2 scrolls of identify {unknown}
 j - a scroll of fog {unknown}
 k - 2 scrolls of teleportation {unknown}
 n - a scroll of enchant weapon {unknown}
Potions
 d - 2 potions of might
 e - 2 potions of ambrosia {unknown}
 i - a potion of heal wounds {unknown}
 l - a potion of resistance {unknown}
Comestibles
 f - 6 rations


   Skills:
 - Level 3.2 Fighting
 + Level 4.3 Axes
 - Level 3.2 Armour
 - Level 3.6 Shields


You had 3 spell levels left.
You didn't know any spells.

Dungeon Overview and Level Annotations

Branches:
Dungeon (3/15)

Altars:
Fedhas

Annotations:
D:3 xccam's ghost, amateur FoFi


Innate Abilities, Weirdness & Mutations

You cannot be hasted, slowed, berserked, paralysed or teleported.
You can dig through walls and to a lower floor.
Your four strong arms can wield two-handed weapons with a shield.
You have a pair of large antennae on your head. (SInv)


Message History

There is an open door here.
Found a dagger.
Xccam's ghost (amateur Formicid Fighter) comes into view.
Xccam's ghost turns its malevolent gaze towards you.
You hit xccam's ghost.
Xccam's ghost is lightly damaged.
Xccam's ghost completely misses you.
You hit xccam's ghost.
Xccam's ghost is moderately damaged.
You block xccam's ghost's attack.
Okay, then.
You slash xccam's ghost!
Xccam's ghost is heavily damaged.
Xccam's ghost hits you!
You hit xccam's ghost but do no damage.
Xccam's ghost is heavily damaged.
Xccam's ghost hits you!
* * * LOW HITPOINT WARNING * * *
Xccam's ghost hits you!
You die...

.# ###.#
....#+#+#
#........
##+#........
#......)....
#....W......
#...@# # #
#....#####
.. .#
####.....#
.##.#
#.###.#
.....
#.###'#+#..#
#.#........#
#.#........+
#.#....<...#
#.+........+


You could see xccam's ghost.

Vanquished Creatures
  An adder (D:2)
  A worm (D:2)
  2 dart slugs (D:1)
  2 leopard geckos
  A ball python (D:1)
  7 goblins
  11 hobgoblins
  3 kobolds (D:1)
  4 quokkas (D:2)
  6 bats
  3 frilled lizards (D:1)
  6 rats
47 creatures vanquished.

Notes
Turn   | Place    | Note
-------+----------+-------------------------------------------
     0 | D:1      | xccam the Formicid Fighter began the quest for the Orb.
     0 | D:1      | Reached XP level 1. HP: 18/18 MP: 1/1
    88 | D:1      | Reached XP level 2. HP: 23/24 MP: 2/2
   166 | D:1      | Reached skill level 3 in Axes
   222 | D:1      | Reached XP level 3. HP: 23/29 MP: 3/3
   960 | D:2      | Reached skill level 4 in Axes
   960 | D:2      | Reached XP level 4. HP: 31/35 MP: 4/4
  1593 | D:2      | Found a blossoming altar of Fedhas.
  1739 | D:3      | Noticed xccam's ghost (amateur FoFi)
  1743 | D:3      | Slain by xccam's ghost

Vault maps used:
D:1:      ncdulo_smallfort
D:2:      fedhas_altar_4
D:3:      first_ration

Skill      XL: |  1  2  3 |
---------------+----------+-----
Axes           | 3 4 |  4.3
Fighting       | |  3.2
Armour         | |  3.2
Shields        | |  3.6

Action                   |  1- 3 |  4- 6 || total
-------------------------+-------+-------++-------
Melee: War axe           |   121 |    34 ||   155
  Eat: Chunk             |       |     1 ||     1
Armor: Scale mail        |    40 |    13 ||    53
Dodge: Dodged            |    31 |     6 ||    37
Block: Shield            |    60 |    12 ||    72

Table legend:
 A = Spawn XP
 B = Non-spawn XP
 C = Spawn XP percentage of total XP
 D = Spawn monster count
 E = Non-spawn monster count
 F = Spawn count percentage of total count
 G = Total turns spent on level
                    A         B        C        D         E        F      G
               +---------+---------+-------+---------+---------+-------+---------
         Total |       0 |      98 |   0.0 |       0 |      47 |   0.0 |  1743
               +---------+---------+-------+---------+---------+-------+---------
           D:1 |       0 |      51 |   0.0 |       0 |      29 |   0.0 |   686
           D:2 |       0 |      47 |   0.0 |       0 |      18 |   0.0 |  1027
               +---------+---------+-------+---------+---------+-------+---------
